 Dungeon Crawl Stone Soup version 0.19.5 (webtiles) character file.

107 McKennaii the Firebug (level 4, -2/24 HPs)
             Began as a Deep Elf Fire Elementalist on May 11, 2017.
             Slain by an orc
             ... wielding a +0 flail
              (6 damage)
             ... on level 4 of the Dungeon.
             The game lasted 00:05:37 (2205 turns).

McKennaii the Firebug (Deep Elf Fire Elementalist)  Turns: 2205, Time: 00:05:37

Health: -2/24      AC:  2    Str:  5    XL:     4   Next: 57%
Magic:  8/12       EV: 13    Int: 21    God:
Gold:   157        SH:  0    Dex: 15    Spells: 1 memorised, 10 levels left

rFire  . . .     SeeInvis .     (no weapon)
rCold  . . .     Gourm    .     a - +0 robe
rNeg   . . .     Faith    .     (no shield)
rPois  .         Spirit   .     (no helmet)
rElec  .         Reflect  .     (no cloak)
rCorr  .         Harm     .     (no gloves)
MR     .....                    (no boots)
Stlth  ++........               (no amulet)
                                (no ring)
                                (no ring)

@: no status effects
A: no striking features
a: no special abilities


You were on level 4 of the Dungeon.
You were not hungry.

You visited 1 branch of the dungeon, and saw 4 of its levels.

You collected 157 gold pieces.

Inventory:

Armour
 a - a +0 robe (worn)
Jewellery
 g - a cursed amulet of inaccuracy {unknown}
 t - a cursed ring of teleportation {unknown}
Scrolls
 d - 3 scrolls of random uselessness {unknown}
 e - a scroll of magic mapping {unknown}
 f - 2 scrolls of amnesia {unknown}
 h - a scroll of recharging {unknown}
 i - 2 scrolls of enchant weapon {unknown}
 j - 2 scrolls of identify {unknown}
 n - 4 scrolls of teleportation {unknown}
 o - a scroll of immolation {unknown}
 p - a scroll of enchant armour {unknown}
 u - a scroll of remove curse {unknown}
 v - a scroll of fog {unknown}
Potions
 l - a potion of might {unknown}
 m - 2 potions of brilliance {unknown}
 s - a potion of degeneration {unknown}
 w - a potion of curing {unknown}
Books
 b - a book of Flames

   Spells                             Type                      Level
   a - Flame Tongue                   Conjuration/Fire             1
   b - Throw Flame                    Conjuration/Fire             2
   c - Conjure Flame                  Conjuration/Fire             3
   d - Inner Flame                    Hexes/Fire                   3
   e - Sticky Flame                   Conjuration/Fire             4
   f - Fireball                       Conjuration/Fire             5
Comestibles
 c - 2 bread rations
 k - a beef jerky
 q - 2 royal jellies
 r - a meat ration
 x - a chunk of flesh


   Skills:
 + Level 2.8 Dodging
 + Level 3.0 Stealth
 + Level 4.2 Spellcasting
 + Level 1.9 Conjurations
 + Level 4.5 Fire Magic


You had 10 spell levels left.
You knew the following spells:

 Your Spells              Type           Power        Failure   Level  Hunger
a - Flame Tongue          Conj/Fire      ###..        3%          1    None


Dungeon Overview and Level Annotations

Branches:
Dungeon (4/15)
 Temple: D:4-7

Altars:
Okawaru


Message History

The flame tongue hits the orc priest.
The orc priest is severely wounded.
Casting: Flame Tongue
Confirm with . or Enter, or press ? or * to list all spells.
Aiming: Flame Tongue
Press: ? - help, Shift-Dir - straight line, f/p - orc priest
Aim: an orc priest, wielding a hand axe (severely wounded)
The flame tongue hits the orc priest.
You kill the orc priest!
Your Spellcasting skill increases to level 4!
Casting: Flame Tongue
Confirm with . or Enter, or press ? or * to list all spells.
Aiming: Flame Tongue
Press: ? - help, Shift-Dir - straight line, f - orc
Aim: an orc, wielding a flail and wearing a leather armour The flame tongue misses the orc.
The flame tongue hits the orc.
The orc appears unharmed.
The orc hits you with a flail.
* * * LOW HITPOINT WARNING * * *
The orc hits you with a flail.
You die...

.....#÷.#########
...........[.....#####
...$..#..###.)........
%........# #.......#
....$##..###.......#####
..... #.................
>... ..........†.#.....
.... ##.#...........$...
........!@....... #
#....#...oo..###...
#.##..............## #
###.....o.##.....
.................
###....#..).....<
#.....)........
#.....#........
#..............


You could see 3 orcs.

Vanquished Creatures
  An orc priest (D:4)
  2 adders
  An ooze (D:1)
  A worm (D:2)
  4 leopard geckos
  An orc (D:4)
  4 giant cockroaches
  5 goblins
  8 hobgoblins
  2 jackals (D:4)
  5 kobolds
  A ball python (D:1)
  6 bats
  2 frilled lizards (D:1)
  A rat (D:3)
44 creatures vanquished.

Notes
Turn   | Place    | Note
-------+----------+-------------------------------------------
     0 | D:1      | McKennaii the Deep Elf Fire Elementalist began the quest for the Orb.
     0 | D:1      | Reached XP level 1. HP: 10/10 MP: 6/6
   137 | D:1      | Reached XP level 2. HP: 15/15 MP: 6/8
   798 | D:2      | Reached XP level 3. HP: 12/19 MP: 3/9
  1896 | D:3      | Found an iron altar of Okawaru.
  1912 | D:3      | Reached XP level 4. HP: 24/24 MP: 8/11
  2205 | D:4      | Slain by an orc

Skill      XL: |  1  2  3  4 |
---------------+-------------+-----
Fire Magic     | 4 |  4.5
Stealth        | 3 |  3.0
Spellcasting   | 4 |  4.2
Dodging        | |  2.8
Conjurations   | |  1.9

Action                   |  1- 3 |  4- 6 || total
-------------------------+-------+-------++-------
Melee: Unarmed           |     3 |       ||     3
 Cast: Flame Tongue      |    66 |    13 ||    79
  Eat: Chunk             |     1 |     3 ||     4
Armor: Robe              |     3 |       ||     3
Dodge: Dodged            |    19 |     1 ||    20
